 Dungeon Crawl Stone Soup version 0.25-a0-1130-g3926558 (webtiles) character file.

Game seed: 16010332838996922086, levelgen mode: deterministic

618 silenth the Slasher (level 7, -5/50 HPs)
             Began as an Octopode Berserker on May 19, 2020.
             Was a Believer of Trog.
             Slain by an ogre
             ... wielding a +0 giant spiked club
              (18 damage)
             ... on level 4 of the Dungeon.
             The game lasted 00:04:21 (3967 turns).

silenth the Slasher (Octopode Berserker)            Turns: 3967, Time: 00:04:22

Health: -5/50      AC:  1    Str: 19    XL:     7   Next: 45%
Magic:  7/7        EV: 11    Int:  9    God:    Trog [**....]
Gold:   236        SH:  7    Dex: 11    Spells: 6/6 levels left

rFire    + . .     SeeInvis .   a - +0 falchion
rCold    . . .     Gourm    .   e - +0 kite shield
rNeg     . . .     Faith    .   (helmet restricted)
rPois    .         Spirit   .   (no amulet)
rElec    .         Reflect  .   g - ring of protection from fire
rCorr    .         Harm     .   (no ring)
MR       .....                  (no ring)
Stlth    ++........             (no ring)
HPRegen  0.16/turn              (no ring)
MPRegen  0.10/turn              (no ring)
                                (no ring)
                                (no ring)

@: berserk cooldown, slowed, very slow
A: almost no armour, stealthy swim, amphibious, 8 rings, constrict 8, camouflage
1, gelatinous body 1
a: Berserk, Trog's Hand, Renounce Religion


You were on level 4 of the Dungeon.
You worshipped Trog.
Trog was pleased with you.
You were hungry.

You visited 1 branch of the dungeon, and saw 4 of its levels.

You collected 236 gold pieces.

Inventory:

Hand Weapons
 a - a +0 falchion (weapon)
Missiles
 q - a throwing net (quivered)
Armour
 e - a +0 kite shield (worn)
Jewellery
 g - a ring of protection from fire (left tentacle)
Wands
 o - a wand of digging (2)
Scrolls
 b - 2 scrolls of magic mapping {unknown}
 c - 2 scrolls of immolation {unknown}
 f - 3 scrolls of amnesia {unknown}
 h - a scroll of teleportation {unknown}
 i - a scroll of fog {unknown}
 l - a scroll of enchant weapon {unknown}
 m - a scroll of fear {unknown}
 r - 5 scrolls of remove curse
Potions
 d - 3 potions of curing
 j - a potion of cancellation
 n - 2 potions of mutation {unknown}
 s - a potion of stabbing {unknown}
Comestibles
 k - 2 chunks of flesh


   Skills:
 + Level 5.3 Fighting
 * Level 7.1 Long Blades
 - Level 3.0 Dodging


You had 6 spell levels left.
You didn't know any spells.
Your spell library was empty.

Dungeon Overview and Level Annotations

Branches:
Dungeon (4/15)
 Temple: D:4-7

Altars:
Sif Muna
Wu Jian


Innate Abilities, Weirdness & Mutations

You cannot wear most types of armour.
You are very stealthy in the water. (Stealth+)
You are amphibious.
You can wear up to eight rings at the same time.
You can use your tentacles to constrict eight enemies at once.
Your skin changes colour to match your surroundings (Stealth+).
Your rubbery body absorbs attacks. (AC +1, EV +1)


Message History

The ogre hits you with a +0 giant spiked club.
You hit the ogre.
The ogre is moderately wounded.
The ogre hits you with a +0 giant spiked club!!
* * * LOW HITPOINT WARNING * * *
You're still recovering from your berserk rage.
You feel much better. You block the ogre's attack.
You hit the ogre but do no damage.
The ogre is lightly wounded.
Your skin stops crawling.
You feel less resistant to hostile enchantments.
You block the ogre's attack.
You barely miss the ogre.
The ogre is lightly wounded.
The ogre hits you with a +0 giant spiked club!
* * * LOW HITPOINT WARNING * * *
You slash the ogre! You squeeze the ogre, but do no damage.
The ogre is heavily wounded.
The ogre hits you with a +0 giant spiked club!!
You die...

#### #.# ### #.. #.#
#.< #.# #.# #.# #@#
#.# #.# # #O# #.# #.#
# #.# #.# #.#####
#.##.#####.####.#....
#....)).O............
####.######.###.#.##.
#..........#.#.###
#######.##.#.#.# # #.
.#.#.# #


You could see an ogre.

Vanquished Creatures
  Sigmund (D:4)
  Eustachio (D:4)
  An orc priest (D:4)
  Natasha (thrice) (D:2)
  3 orc wizards
  3 gnolls (D:2)
  3 adders
  An adder skeleton (D:4)
  3 worms
  4 dart slugs
  3 leopard geckos
  8 orcs
  3 ball pythons
  6 bats
  4 giant cockroaches
  7 hobgoblins
  3 jackals (D:3)
  A quokka (D:3)
  4 frilled lizards
  5 goblins
  6 kobolds
  6 rats
79 creatures vanquished.

Notes
Turn   | Place    | Note
-------+----------+-------------------------------------------
     0 | D:1      | silenth the Octopode Berserker began the quest for the Orb.
     0 | D:1      | Reached XP level 1. HP: 16/16 MP: 1/1
   605 | D:2      | Reached XP level 2. HP: 20/21 MP: 2/2
  1248 | D:2      | Noticed Natasha
  1255 | D:2      | Noticed a crimson imp
  1256 | D:2      | Reached XP level 3. HP: 20/26 MP: 3/3
  1257 | D:2      | Killed Natasha
  1257 | D:2      | Reached skill level 4 in Long Blades
  1364 | D:2      | Noticed Natasha
  1371 | D:2      | Killed Natasha
  1371 | D:2      | Reached XP level 4. HP: 32/33 MP: 4/4
  1584 | D:2      | Reached ** piety under Trog
  1584 | D:2      | Reached XP level 5. HP: 35/37 MP: 5/5
  1683 | D:2      | Reached skill level 4 in Fighting
  1785 | D:2      | Reached skill level 5 in Long Blades
  1797 | D:2      | Noticed Natasha
  1952 | D:2      | Killed Natasha
  2548 | D:3      | Found a shimmering blue altar of Sif Muna.
  3192 | D:3      | Reached XP level 6. HP: 44/44 MP: 6/6
  3325 | D:3      | Found an ornate altar of the Wu Jian Council.
  3704 | D:4      | Noticed Eustachio
  3716 | D:4      | Killed Eustachio
  3716 | D:4      | Reached skill level 6 in Long Blades
  3800 | D:4      | Noticed Sigmund
  3812 | D:4      | Killed Sigmund
  3812 | D:4      | Reached skill level 5 in Fighting
  3812 | D:4      | Reached XP level 7. HP: 50/50 MP: 7/7
  3945 | D:4      | Reached skill level 7 in Long Blades
  3954 | D:4      | Reached *** piety under Trog
  3963 | D:4      | HP: 4/50 [ogre/+0 giant spiked club (19)]
  3967 | D:4      | Slain by an ogre

Illustrated notes

Levels and vault maps discovered:
D:1:      wander_arrival_peaceful_grave, layout_loops_ring
D:2:      minmay_wonky_spiral, layout_loops_ring,
          chequers_serial_rivers_micro_a, uniq_natasha
D:3:      layout_loops_ring, old_standard_altar, led_sif_pool
D:4:      layout_loops_ring, ashenzari_conservatory_becter, uniq_eustachio,
          uniq_sigmund, uniq_menkaure

Skill      XL: |  1  2  3  4  5  6  7 |
---------------+----------------------+-----
Long Blades    | 4 5 6 7 |  7.1
Fighting       | 4 5 |  5.3
Dodging        | |  3.0

Action                   |  1- 3 |  4- 6 |  7- 9 || total
-------------------------+-------+-------+-------++-------
Melee: Falchion          |    44 |   105 |    23 ||   172
       Constrict         |    13 |    33 |     3 ||    49
       Tentacles         |     6 |    31 |     4 ||    41
Invok: Berserk           |     2 |     4 |     1 ||     7
       Trog's Hand       |       |       |     1 ||     1
  Use: Scroll            |       |     4 |       ||     4
       Potion            |       |       |     1 ||     1
 Stab: Sleeping          |     4 |     3 |       ||     7
       Distracted        |       |     1 |       ||     1
  Eat: Chunk             |     1 |     9 |     2 ||    12
       Ration            |       |     1 |       ||     1
Armor: Skin              |     7 |     9 |     2 ||    18
Dodge: Dodged            |    25 |    49 |     3 ||    77
Block: Kite shield       |       |    32 |     7 ||    39
       Rpst.: Falchion   |     7 |     7 |     1 ||    15

Table legend:
 A = Non-vault XP
 B = Vault XP
 C = Vault XP percentage of total XP
 D = Non-vault monster count
 E = Vault monster count
 F = Vault count percentage of total count
                 A         B        C        D         E       F
            +---------+---------+-------+---------+---------+-------
      Total |     408 |     475 |  53.8 |      73 |       6 |   7.6
            +---------+---------+-------+---------+---------+-------
        D:1 |       9 |       0 |   0.0 |       4 |       0 |   0.0
        D:2 |     189 |      41 |  17.8 |      30 |       4 |  11.8
        D:3 |     106 |       0 |   0.0 |      30 |       0 |   0.0
        D:4 |     104 |     434 |  80.7 |       9 |       2 |  18.2
            +---------+---------+-------+---------+---------+-------
